 Dungeon Crawl Stone Soup version 0.31.0-11-ge490571c62 (webtiles) character file.

Game seed: 7164634460182002216

1046 qw the Skirmisher (level 8, -1/46 HPs)
             Began as a Deep Elf Hunter on Feb 4, 2024.
             Was an Initiate of Okawaru.
             Slain by a gnoll bouda
             ... wielding a +0 club
              (9 damage)
             ... on level 5 of the Dungeon.
             The game lasted 00:01:50 (4087 turns).

qw the Skirmisher (Deep Elf Hunter)                 Turns: 4087, Time: 00:01:50

Health: -1/46      AC:  6    Str: 10    XL:     8   Next: 5%
Magic:  10/10      EV: 11    Int: 15    God:    Okawaru [......]
Gold:   160        SH:  0    Dex: 18    Spells: 7/7 levels left

rFire   . . .        f - +0 orcbow
rCold   . . .        (shield currently unavailable)
rNeg    . . .        d - +0 ring mail
rPois   .            (no helmet)
rElec   .            (no cloak)
rCorr   .            j - +0 pair of gloves
SInv    +            (no boots)
Will    +....        (no amulet)
Stlth   +            m - ring of see invisible
HPRegen 0.27/turn    o - ring of willpower
MPRegen 0.12/turn

%: no passive effects
@: no status effects
A: no striking features
a: Renounce Religion


You were on level 5 of the Dungeon.
You worshipped Okawaru.
Okawaru was noncommittal.
You visited 2 branches of the dungeon, and saw 6 of its levels.
You also visited: Sewer.

You collected 470 gold pieces.
You spent 310 gold pieces at shops.


   Skills:
 - Level 3.1 Fighting
 - Level 12.0 Ranged Weapons
 - Level 1.0 Armour
 + Level 3.6 Dodging
 - Level 1.2 Stealth


You had 7 spell levels left.
You didn't know any spells.
Your spell library was empty.

Inventory:

Hand Weapons
 f - a +0 orcbow (weapon)
Armour
 d - a +0 ring mail (worn)
 j - a +0 pair of gloves (worn)
Jewellery
 e - a ring of ice
 m - a ring of see invisible (left hand)
 o - a ring of willpower (right hand)
Wands
 a - a wand of polymorph (10)
 p - a wand of flame (9)
Scrolls
 l - 4 scrolls of teleportation
Potions
 b - 5 potions of curing
 c - 3 potions of enlightenment
 g - 2 potions of degeneration {unknown}
 h - a potion of cancellation
 i - a potion of might {unknown}
 k - a potion of magic {unknown}
 n - a potion of heal wounds {unknown}

Dungeon Overview and Level Annotations

Branches:
Dungeon (5/15)             Temple (1/1) D:4           Sewer (visited)

Altars:
Ashenzari
Cheibriados
Dithmenos
Fedhas
Gozag
Kikubaaqudgha
Makhleb
Nemelex Xobeh
Okawaru
Qazlal
Sif Muna
Trog
Uskayaw
Vehumet
Wu Jian
Xom
Yredelemnul
Zin
The Shining One

Shops:
D:2 !   D:4 **   D:5 (


Message History

You open the door.
There is an open door here.
A gnoll bouda and 3 gnolls come into view.
The gnoll shouts! x3
Enter note:
Enter note:
Enter note: You shoot an arrow.
The arrow barely misses the gnoll.
The arrow closely misses the gnoll bouda.
The arrow hits the gnoll but does no damage.
You shoot an arrow.
The arrow hits the gnoll but does no damage.
You shoot an arrow. The arrow hits the gnoll!
The gnoll is severely wounded.
The gnoll misses you.
You shoot an arrow. The arrow barely misses the gnoll.
The arrow hits the gnoll.
The gnoll is moderately wounded.
The gnoll hits you from afar with a +0 halberd.
You shoot an arrow. The arrow hits the gnoll.
The gnoll is almost dead.
The gnoll hits you with a +0 whip.
The gnoll bouda hits you but does no damage.
The gnoll closely misses you.
You shoot an arrow. The arrow barely misses the gnoll.
The gnoll hits you from afar with a +0 halberd. x2
The gnoll hits you with a +0 whip.
You shoot an arrow. The arrow hits the gnoll!
You kill the gnoll!
Okawaru accepts your kill.
The gnoll hits you from afar with a +0 halberd.
The gnoll hits you from afar with a +0 halberd!
You shoot an arrow. The arrow hits the gnoll bouda!
The gnoll bouda is heavily wounded.
The gnoll hits you but does no damage. The gnoll closely misses you.
The gnoll bouda barks out a call to the hunt!
The gnolls pick up the pace!
The gnoll barely misses you.
The gnoll hits you from afar with a +0 halberd!
The gnoll bouda hits you with a +0 club!
You die...

.. ##'######..#.....#...:.##
#......#..#....####.....#####'##
#......+..'.............#.....##
#......####.............#.....##
#.......................#'######
#..............................#
#..............#########.......#
#..........##'##...# #.......#
#..........#..'@g..# #.......'
#......#####..##..## #.......#
#......'..##..#


gg# #........ #......#..##..##..# ########. #......#.......#... #......'.
#.....[#####...#.... #......#. #......#..##'###..##. ##.....#.
#......#..##..###########+#####. #......#..'......?.....#........ You could see
a gnoll bouda and 2 gnolls.

Vanquished Creatures
  Sigmund (D:3)
  Blork the orc (D:5)
  2 bullfrogs (Sewer)
  3 scorpions
  2 jellies (D:5)
  A bombardier beetle (D:4)
  Ijyb (D:4)
  3 iguanas
  3 orc wizards
  A gnoll (D:5)
  11 adders
  A ribbon worm (D:2)
  7 dart slugs
  15 orcs
  5 bats
  9 endoplasms
  16 giant cockroaches
  9 hobgoblins
  2 jackals (D:3)
  4 quokkas
  8 ball pythons
  6 frilled lizards
  5 goblins
  6 kobolds
  13 rats
135 creatures vanquished.

Notes
Turn   | Place    | Note
-------+----------+-------------------------------------------
     0 | D:1      | qw the Deep Elf Hunter began the quest for the Orb.
     0 | D:1      | Reached XP level 1. HP: 12/12 MP: 3/3
     0 | D:1      | 0 ||| qw: Version: 0.3-a-160-g6735b56
     0 | D:1      | 0 ||| qw: Game counter: 5745
     0 | D:1      | 0 ||| qw: Melee chars always use a shield: true
     0 | D:1      | 0 ||| qw: God list: Okawaru
     0 | D:1      | 0 ||| qw: Allow faded altars: false
     0 | D:1      | 0 ||| qw: Do Orc after clearing Dungeon:15 true
     0 | D:1      | 0 ||| qw: Do second Lair branch before Depths: true
     0 | D:1      | 0 ||| qw: Lair rune preference: random
     0 | D:1      | 0 ||| qw: Goals: Normal
     0 | D:1      | 0 ||| PLANNING D:1-11
   107 | D:1      | Reached XP level 2. HP: 16/16 MP: 4/4
   124 | D:1      | Reached skill level 6 in Ranged Weapons
   341 | D:1      | 341 ||| UPGRADING to +0 ring mail.
   369 | D:1      | 369 ||| UPGRADING to +0 leather armour.
   374 | D:1      | 374 ||| UPGRADING to +0 ring mail.
   384 | D:1      | 384 ||| DROPPING +0 leather armour.
   385 | D:1      | 385 ||| UPGRADING to +0 pair of gloves.
   428 | D:1      | Reached XP level 3. HP: 19/20 MP: 5/5
   551 | D:1      | 551 ||| DROPPING ring of flight.
   552 | D:1      | 552 ||| UPGRADING to ring of see invisible.
   553 | D:1      | 553 ||| READING scroll labelled XYISEI TEAXTO.
   553 | D:1      | 553 ||| IDENTIFYING sapphire potion
   554 | D:1      | 554 ||| READING scroll labelled VOER HONIPOKHE.
   655 | D:1      | 655 ||| READING scroll labelled DIVYBLU XOIVVUN.
   656 | D:1      | 656 ||| READING scroll labelled SONUFRELIU.
   657 | D:1      | 657 ||| DROPPING scroll of butterflies.
   706 | D:2      | Found Xyim's Distillery.
   713 | D:2      | 713 ||| BUYING potion of curing (30 gold).
   713 | D:2      | Bought a potion of curing for 30 gold pieces
   713 | D:2      | 713 ||| BUYING potion of curing (30 gold).
   713 | D:2      | Bought a potion of curing for 30 gold pieces
   713 | D:2      | 713 ||| BUYING potion of enlightenment (50 gold).
   713 | D:2      | Bought a potion of enlightenment for 50 gold pieces
   713 | D:2      | 713 ||| SHOPLISTING potion of haste (100 gold, have 63).
   830 | D:2      | Reached skill level 7 in Ranged Weapons
   972 | D:2      | Found a broken altar of Ashenzari.
   983 | D:2      | Identified the +0 chain mail of Impressiveness {Slay+2}
  1042 | D:2      | Found a faded altar of an unknown god.
  1331 | D:2      | Reached XP level 4. HP: 25/25 MP: 6/6
  1361 | D:2      | 1361 ||| READING scroll labelled SAASUACKECA.
  1516 | D:3      | Found a broken altar of Ashenzari.
  1647 | D:3      | Noticed Sigmund
  1660 | D:3      | Killed Sigmund
  1661 | D:3      | Reached skill level 9 in Ranged Weapons
  1661 | D:3      | Reached XP level 5. HP: 28/29 MP: 7/7
  1874 | D:3      | 1874 ||| UPGRADING to ring of willpower.
  1875 | D:3      | 1875 ||| READING scroll labelled ITEBEU QOORGHO.
  1887 | D:4      | 1887 ||| PLANNING SEWER
  1888 | D:4      | 1888 ||| STAIRDANCE
  1935 | D:4      | 1935 ||| STAIRDANCE
  1939 | D:3      | Reached XP level 6. HP: 35/35 MP: 8/8
  1941 | D:4      | 1941 ||| STAIRDANCE
  2059 | D:4      | 2059 ||| FLEEEEING.
  2130 | D:4      | 2130 ||| SWAPPING to +0 orcbow.
  2133 | D:4      | 2133 ||| DROPPING +0 shortbow.
  2162 | D:4      | Noticed Ijyb
  2171 | D:4      | Killed Ijyb
  2272 | D:4      | Reached skill level 10 in Ranged Weapons
  2309 | D:4      | Reached skill level 3 in Dodging
  2351 | D:4      | Found a staircase to the Ecumenical Temple.
  2378 | D:4      | Found a shadowy altar of Dithmenos.
  2414 | D:4      | Found a glowing drain.
  2419 | Sewer    | Entered a sewer
  2488 | Sewer    | Reached skill level 1 in Armour
  2646 | Sewer    | Reached XP level 7. HP: 40/40 MP: 9/9
  2893 | Sewer    | 2893 ||| READING scroll of identify.
  2893 | Sewer    | 2893 ||| IDENTIFYING green potion
  2894 | Sewer    | 2894 ||| READING scroll labelled IRHARPH MACOIR.
  2895 | Sewer    | 2895 ||| READING scroll labelled FEJEAL DOITIDGH.
  2896 | Sewer    | 2896 ||| DROPPING potion of brilliance.
  2916 | D:4      | 2916 ||| PLANNING TEMPLE
  2954 | Temple   | Found a transporter.
  2954 | Temple   | Found a transporter.
  2954 | Temple   | Found a transporter.
  2954 | Temple   | Found a transporter.
  2954 | Temple   | Entered the Ecumenical Temple
  2955 | Temple   | 2955 ||| PLANNING D:1-11
  2963 | Temple   | 2963 ||| PLANNING OKAWARU WORSHIP
  2966 | Temple   | Became a worshipper of Warmaster Okawaru
  2967 | Temple   | 2967 ||| PLANNING D:1-11
  3108 | D:4      | Reached skill level 11 in Ranged Weapons
  3180 | D:4      | Found Weulaf's Specific Store.
  3182 | D:4      | Found Waf Nyal's General Store.
  3189 | D:4      | 3189 ||| BUYING potion of curing (42 gold).
  3189 | D:4      | Bought a potion of curing for 42 gold pieces
  3189 | D:4      | 3189 ||| BUYING potion of curing (42 gold).
  3189 | D:4      | Bought a potion of curing for 42 gold pieces
  3189 | D:4      | 3189 ||| BUYING scroll of identify (28 gold).
  3189 | D:4      | Bought a scroll of identify for 28 gold pieces
  3189 | D:4      | 3189 ||| BUYING wand of flame (9) (88 gold).
  3189 | D:4      | Bought a wand of flame (9) for 88 gold pieces
  3313 | D:4      | 3313 ||| READING scroll of identify.
  3313 | D:4      | 3313 ||| IDENTIFYING clear potion
  3314 | D:4      | 3314 ||| DROPPING potion of attraction.
  3340 | D:5      | Entered Level 5 of the Dungeon
  3567 | D:5      | Reached skill level 12 in Ranged Weapons
  3587 | D:5      | Noticed Blork the orc
  3593 | D:5      | Killed Blork the orc
  3654 | D:5      | Reached skill level 3 in Fighting
  3654 | D:5      | Reached XP level 8. HP: 46/46 MP: 10/10
  4004 | D:5      | Found Lamu's Weapon Boutique.
  4087 | D:5      | HP: 8/46 [gnoll/+0 halberd[a gnoll bouda] (10)]
  4087 | D:5      | Slain by a gnoll bouda

Levels and vault maps discovered:
D:1:      dpeg_arrival_tiny_f, layout_rooms, nrook_loot_triangle,
          minmay_tetromino_l2
D:2:      layout_loops_cross, serial_shops, nicolae_shop_trees, basic_altar,
          basic_ecumenical_altar
D:3:      layout_basic, nicolae_overflow_crystal_walls, uniq_sigmund
D:4:      minmay_wonky_spiral, layout_cave_pools, mainiacjoe_overflow_alcove_2,
          minmay_temple_entry_fiery, mainiacjoe_sewer_entry_somewhere_in_here_1,
          hangedman_decor_push, minmay_misc_feat_five, nicolae_specific_store,
          corexii_corridor_pit, uniq_ijyb
D:5:      layout_gridville, serial_shops, shop, grunt_decor_fettered,
          uniq_blork_the_orc
Temple:   hellmonk_temple_divided_pantheon

Skill      XL: |  1  2  3  4  5  6  7 |
---------------+----------------------+-----
Ranged Weapons | 6 7 9 10 12 | 12.0
Fighting       | 2 3 |  3.1
Dodging        | 3 |  3.6
Armour         | 1 |  1.0
Stealth        | |  1.2

Action                     |  1- 3 |  4- 6 |  7- 9 || total
---------------------------+-------+-------+-------++-------
   Fire: Shortbow          |   143 |    83 |       ||   226
         Orcbow            |       |   127 |    93 ||   220
    Use: Scroll            |     4 |     2 |     4 ||    10
 Armour: Leather armour    |     3 |       |       ||     3
         Skin              |     2 |       |       ||     2
         Ring mail         |    24 |    63 |    46 ||   133
  Dodge: Dodged            |    24 |    64 |    21 ||   109

Table legend:
 A = Non-vault XP
 B = Vault XP
 C = Vault XP percentage of total XP
 D = Non-vault monster count
 E = Vault monster count
 F = Vault count percentage of total count
                 A         B        C        D         E       F
            +---------+---------+-------+---------+---------+-------
      Total |     833 |     662 |  44.3 |      91 |      44 |  32.6
            +---------+---------+-------+---------+---------+-------
        D:1 |      40 |       3 |   7.0 |      28 |       2 |   6.7
        D:2 |      60 |       0 |   0.0 |      18 |       0 |   0.0
        D:3 |      63 |     231 |  78.6 |      14 |       1 |   6.7
        D:4 |     256 |      61 |  19.2 |      19 |       9 |  32.1
        D:5 |     414 |      99 |  19.3 |      12 |       1 |   7.7
      Sewer |       0 |     268 | 100.0 |       0 |      31 | 100.0
            +---------+---------+-------+---------+---------+-------
